 Dungeon Crawl Stone Soup version 0.24.0-123-gd5b16e6ec5 (webtiles) character file.

Game seed: 12351938917333026347, levelgen mode: deterministic

959 Emblim88 the Skirmisher (level 7, -3/55 HPs)
             Began as a Demonspawn Fighter on Jan 11, 2020.
             Was an Initiate of Gozag.
             Slain by a killer bee (5 damage)
             ... on level 4 of the Dungeon.
             The game lasted 00:10:55 (6472 turns).

Emblim88 the Skirmisher (Demonspawn Fighter)        Turns: 6472, Time: 00:10:57

Health: -3/55      AC: 13    Str: 16 (19) XL:     7   Next: 91%
Magic:  3/3        EV:  3    Int:  7 (9)  God:    Gozag
Gold:   214        SH:  9    Dex:  9 (12) Spells: 6/6 levels left

rFire    + . .     SeeInvis .   k - +2 spear (antimagic)
rCold    . . .     Gourm    .   c - +0 shield
rNeg     . . .     Faith    +   u - +0 plate armour
rPois    .         Spirit   .   (helmet restricted)
rElec    .         Reflect  .   (no cloak)
rCorr    .         Harm     .   e - +0 pair of gloves
MR       .....                  (no boots)
Stlth    ..........             i - amulet of faith
HPRegen  0.18/turn              (no ring)
MPRegen  0.08/turn              (no ring)

@: no status effects
A: antennae 2, fire resistance 1, powered by pain 1
a: Potion Petition, Call Merchant, Bribe Branch, Renounce Religion


You were on level 4 of the Dungeon.
You worshipped Gozag.
Gozag was aware of your devotion.
You were not hungry.

You visited 2 branches of the dungeon, and saw 6 of its levels.

You collected 269 gold pieces.
You paid 55 gold pieces to Gozag.

Inventory:

Hand Weapons
 a - a +0 long sword
 k - a +2 antimagic spear (weapon)
Armour
 b - a +0 scale mail
 c - a +0 shield (worn)
 e - a +0 pair of gloves (worn)
 u - a +0 plate armour (worn)
Jewellery
 d - an uncursed amulet of magic regeneration
 i - an amulet of faith (around neck)
 j - an uncursed amulet of guardian spirit
Wands
 m - a wand of acid (9)
 o - a wand of flame (28)
Scrolls
 g - a scroll of random uselessness
 h - 4 scrolls of fear
 n - 3 scrolls of remove curse
 s - 2 scrolls of fog {unknown}
Potions
 p - a potion of ambrosia
 r - a potion of brilliance
 t - a potion of lignification
Comestibles
 f - 8 rations


   Skills:
 + Level 4.7 Fighting
 + Level 3.7 Long Blades
 + Level 4.3 Armour
 + Level 3.2 Dodging
 + Level 4.3 Shields
 + Level 3.0 Evocations


You had 6 spell levels left.
You didn't know any spells.
Your spell library was empty.

Dungeon Overview and Level Annotations

Branches:
Dungeon (5/15)             Temple (1/1) D:5

Altars:
Cheibriados
Elyvilon
Fedhas
Gozag
Makhleb
Okawaru
Sif Muna
Uskayaw
Wu Jian
Xom
The Shining One


Innate Abilities, Weirdness & Mutations

You have a pair of antennae on your head.
Your flesh is heat resistant. (rF+)
You sometimes gain a little power by taking damage.


Message History

The killer bee is heavily wounded.
You block the killer bee's attack. The killer bee stings you.
* * * LOW HITPOINT WARNING * * *
The killer bee stings you but does no damage.
You closely miss the killer bee.
The killer bee is heavily wounded.
The killer bee stings you.
* * * LOW HITPOINT WARNING * * *
The killer bee stings you but does no damage.
You closely miss the killer bee.
The killer bee is heavily wounded.
You block the killer bee's attack.
The killer bee stings you but does no damage.
You miss the killer bee.
The killer bee is heavily wounded.
The killer bee barely misses you. The killer bee stings you.
* * * LOW HITPOINT WARNING * * *
The killer bee stings you.
You die...
Your body crumbles into a pile of gold.

# ###.#####.#####.#..##
#..(#.### #
#.....##...........###........ #
#.###....##.........#........#
##.# ###.###..###.##...........
# #..# #.# #..# #......#...####
###.## #.###..###..........# #
##..## ##.#........####.....##
.#...####........$.## #..##..##
.........##.....@..# ##..####.##
...##..#####.....y.# #..## #..#
.#..#..# #..##...####..#####..#
###.#..# #..###..##.....>....##
###....## ##..##...........###.#
.###....###..>...###..#..#######
..##..........).## #..##....###
.............##..####.#..###..##
...........#####..###....#
###.##


You could see a killer bee.

Vanquished Creatures
  Grinder (D:5)
  An ice beast (D:5)
  3 ogres (D:5)
  A killer bee (D:4)
  2 bullfrog skeletons (D:5)
  2 orc wizards
  Terence (D:3)
  2 worker ants
  A worker ant zombie (D:5)
  3 gnolls (D:3)
  6 adders
  A shadow imp (D:5)
  2 oozes
  2 worms (D:2)
  3 dart slugs
  A leopard gecko (D:1)
  17 orcs
  3 giant cockroaches
  7 goblins
  8 hobgoblins
  3 quokkas
  2 ball pythons (D:1)
  6 bats
  7 frilled lizards
  8 kobolds
  7 rats
100 creatures vanquished.

Notes
Turn   | Place    | Note
-------+----------+-------------------------------------------
     0 | D:1      | Emblim88 the Demonspawn Fighter began the quest for the
                  | Orb.
     0 | D:1      | Reached XP level 1. HP: 18/18 MP: 1/1
    54 | D:1      | Gained mutation: You sometimes gain a little power by
                  | taking damage. [demonic ancestry]
    54 | D:1      | Reached XP level 2. HP: 24/24 MP: 2/2
   609 | D:1      | Gained mutation: You have a pair of small antennae on your
                  | head. [demonic ancestry]
   609 | D:1      | Reached XP level 3. HP: 29/29 MP: 1/3
   965 | D:2      | You fall into a shaft and drop 2 floors!
  1036 | D:4      | Reached skill level 1 in Dodging
  2325 | D:2      | Reached XP level 4. HP: 31/35 MP: 1/4
  2796 | D:3      | Found a snail-covered altar of Cheibriados.
  2975 | D:3      | Gained mutation: You have a pair of antennae on your head.
                  | [demonic ancestry]
  2975 | D:3      | Reached XP level 5. HP: 41/41 MP: 1/5
  3073 | D:3      | You fall into a shaft and drop 2 floors!
  3073 | D:5      | Entered Level 5 of the Dungeon
  3087 | D:5      | Reached skill level 1 in Evocations
  3089 | D:5      | Noticed an ogre
  3107 | D:5      | Killed an ogre
  3107 | D:5      | Reached XP level 6. HP: 48/48 MP: 1/7
  3305 | D:3      | Noticed Terence
  3338 | D:3      | Killed Terence
  4934 | D:5      | Noticed Grinder
  5003 | D:5      | Paralysed by Grinder for 7 turns
  5017 | D:5      | Paralysed by Grinder for 2 turns
  5031 | D:5      | Paralysed by Grinder for 7 turns
  5039 | D:5      | Killed Grinder
  5039 | D:5      | Gained mutation: Your flesh is heat resistant. (rF+)
                  | [demonic ancestry]
  5039 | D:5      | Reached XP level 7. HP: 19/54 MP: 1/8
  5422 | D:5      | Found a staircase to the Ecumenical Temple.
  5455 | Temple   | Entered the Ecumenical Temple
  5734 | Temple   | Became a worshipper of Gozag Ym Sagoz the Greedy
  6472 | D:4      | HP: 2/55 [killer bee (1)]
  6472 | D:4      | Slain by a killer bee

Levels and vault maps discovered:
D:1:      elethiomel_arrival_infinity_welcomes_careful_drivers,
          layout_loops_ring
D:2:      layout_basic
D:3:      layout_loops_ring, first_ration, nrook_uturn, kennysheep_slug_shrine,
          uniq_terence
D:4:      layout_layer_cave
D:5:      layout_rooms, gammafunk_temple_overflow_elements,
          minmay_temple_entry_mini_moons, minmay_increasing_density,
          uniq_grinder
Temple:   minmay_temple_curvy_loop

Skill      XL: |  1  2  3  4  5  6  7 |
---------------+----------------------+-----
Long Blades    | 2 3 |  3.7
Shields        | 3 4 |  4.3
Armour         | 3 4 |  4.3
Dodging        | 1 2 3 |  3.2
Evocations     | 1 2 3 |  3.0
Fighting       | 4 |  4.7

Action                   |  1- 3 |  4- 6 |  7- 9 || total
-------------------------+-------+-------+-------++-------
Melee: Long sword        |    45 |       |       ||    45
       Spear             |   104 |   248 |    97 ||   449
Evoke: Wand              |       |     1 |       ||     1
  Use: Potion            |       |     7 |     2 ||     9
       Scroll            |       |     7 |       ||     7
  Eat: Chunk             |     5 |     3 |       ||     8
       Ration            |       |     2 |     1 ||     3
Armor: Scale mail        |    35 |    87 |     8 ||   130
       Plate armour      |       |       |    29 ||    29
Dodge: Dodged            |    30 |    87 |    34 ||   151
Block: Shield            |    63 |    97 |    46 ||   206
       Rpst.: Long sword |     2 |       |       ||     2
